 Dungeon Crawl Stone Soup version 0.27-a0-286-g37e0bc138e (webtiles) character file.

Game seed: 2556867796905929125

113157 EldarEldrad the Severer (level 16, -15/139 HPs)
             Began as a Minotaur Berserker on Feb 7, 2021.
             Was the Champion of Trog.
             Killed from afar by a shock serpent (17 damage)
             ... with an electric aura
             ... on level 4 of the Snake Pit on Feb 8, 2021.
             The game lasted 02:38:46 (35796 turns).

EldarEldrad the Severer (Minotaur Berserker)       Turns: 35796, Time: 02:38:46

Health: -15/139    AC: 24    Str: 27    XL:     16   Next: 13%
Magic:  15/15      EV: 15    Int:  8    God:    Trog [******]
Gold:   900        SH: 15    Dex: 16    Spells: 15/15 levels left

rFire    + . .     SeeInvis .   a - +6 war axe (freeze)
rCold    . . .     Faith    .   U - +0 kite shield
rNeg     . . .     Spirit   .   X - +2 plate armour {rC+}
rPois    +         Reflect  .   (helmet restricted)
rElec    .         Harm     .   S - +0 cloak
rCorr    .         Rampage  .   E - +1 pair of gloves
Will     ++++.                  x - +0 pair of boots {Fly}
Stlth    ..........             I - amulet of the acrobat
HPRegen  0.33/turn              p - ring "Hieczied" {Fire Will+++ Int+4 Dex+4}
MPRegen  0.14/turn              P - ring of poison resistance

@: no status effects
A: retaliatory headbutt, horns 2
a: Renounce Religion, Evoke Flight, Berserk, Trog's Hand, Brothers in Arms


You were on level 4 of the Snake Pit.
You worshipped Trog.
Trog was exalted by your worship.
You visited 5 branches of the dungeon, and saw 24 of its levels.
You also visited: Sewer, Ossuary, Gauntlet and Ice Cave.

You collected 2678 gold pieces.
You spent 1778 gold pieces at shops.

Inventory:

Hand Weapons
 a - a +6 war axe of freezing (weapon)
 b - a +1 flail of protection
Missiles
 r - 27 poisoned darts (quivered)
Armour
 x - a +0 pair of boots of flying (worn)
 E - a +1 pair of gloves (worn)
 S - a +0 cloak (worn)
 U - a +0 kite shield (worn)
 X - a +2 plate armour of cold resistance (worn)
Jewellery
 c - the ring "Ipeink" {rF+ rC- rN+ Int+9 Slay+5 Stlth-}
   (You found it in a Gauntlet)

   [ring of protection from fire]

   It affects your intelligence (+9).
   It affects your accuracy and damage with ranged weapons and melee attacks
   (+5).
   It protects you from fire.
   It makes you vulnerable to cold.
   It protects you from negative energy.
   It makes you less stealthy.
 k - an uncursed ring of resist corrosion
 l - an uncursed ring of positive energy
 p - the ring "Hieczied" (left hand) {Fire Will+++ Int+4 Dex+4}
   (You found it in a Gauntlet)

   [ring of fire]

   It enhances your fire magic.
   It affects your intelligence (+4).
   It affects your dexterity (+4).
   It protects you from fire.
   It makes you vulnerable to cold.
   It affects your willpower, your defense against some magical effects.
 G - an uncursed ring of willpower
 I - an amulet of the acrobat (around neck)
 P - a ring of poison resistance (right hand)
 V - an uncursed ring of protection from cold
Wands
 g - a wand of acid (28)
 j - a wand of digging (6)
 M - a wand of flame (30)
 N - a wand of iceblast (18)
 O - a wand of mindburst (9)
 T - a wand of paralysis (12)
 W - a wand of polymorph (11)
Scrolls
 d - 6 scrolls of enchant armour
 f - 5 scrolls of magic mapping
 h - 17 scrolls of teleportation
 i - 17 scrolls of remove curse
 n - 3 scrolls of noise
 o - 7 scrolls of fog
 q - 2 scrolls of blinking
 y - 4 scrolls of fear
 D - a scroll of brand weapon
 F - a scroll of torment {unknown}
 H - a scroll of summoning
 K - 2 scrolls of immolation
 Z - 3 scrolls of enchant weapon {unknown}
Potions
 e - a potion of ambrosia
 m - 18 potions of curing
 s - 2 potions of magic
 t - 3 potions of berserk rage
 u - 7 potions of flight
 v - 6 potions of heal wounds
 w - 7 potions of haste
 z - 5 potions of attraction
 A - 4 potions of resistance
 B - 2 potions of invisibility
 C - 3 potions of cancellation
 J - 6 potions of lignification
 L - 4 potions of mutation
Miscellaneous
 R - a lightning rod (4/4)


   Skills:
 - Level 12.0 Fighting
 + Level 19.4 Axes
 - Level 15.0 Armour
 - Level 12.0 Dodging
 - Level 15.0 Shields
 - Level 5.0 Evocations


You had 15 spell levels left.
You didn't know any spells.
Your spell library was empty.

Dungeon Overview and Level Annotations

Branches:
Dungeon (11/15)            Temple (1/1) D:7            Lair (6/6) D:9
 Shoals (0/4) Lair:3        Snake (4/4) Lair:2        Slime (0/5) Lair:6
    Orc (2/2) D:9             Elf (0/3) Orc:2         Sewer (visited)
Ossuary (visited)           IceCv (visited)         Gauntlet (visited)

Altars:
Ashenzari
Cheibriados
Dithmenos
Elyvilon
Fedhas
Gozag
Hepliaklqana
Kikubaaqudgha
Makhleb
Nemelex Xobeh
Okawaru
Qazlal
Ru
Sif Muna
Trog
Uskayaw
Vehumet
Wu Jian
Xom
Yredelemnul
Zin
The Shining One
Beogh

Shops:
D:6 !   D:7 =   Orc:2 =[(*

Annotations:
Lair:2 3 runed translucent doors, Cycufuin's ghost, journeyman GrFE


Innate Abilities, Weirdness & Mutations

You reflexively headbutt those who attack you in melee.
You have a pair of horns on your head.


Message History

* * * LOW HITPOINT WARNING * * *
The bolt of electricity hits you!!
* * * LOW HITPOINT WARNING * * *
The bolt of electricity hits the shock serpent.
The shock serpent completely resists.
Okay, then.
Aiming: Paralyse
Press: ? - help, Shift-Dir - straight line, f - shock serpent
Aim: a shock serpent (severely wounded, chance to affect: 43%)
Okay, then.
Aiming: Corrosive Bolt
Press: ? - help, Shift-Dir - straight line, f - shock serpent
Aim: a shock serpent (severely wounded, 43% to evade)
Okay, then.
Aiming: Mindburst
Press: ? - help, Shift-Dir - straight line, f - shock serpent
Aim: a shock serpent (severely wounded, chance to affect: 69%)
The shock serpent's mind is blasted!!
The shock serpent's electric aura discharges, shocking you!
You die...

#.............
#.............
.............
#...........
#...S.......
#..........
#.).......
###)...##......#
#@#.)...#......#
#.S.#.....$....
#...##........
##....##.....#
#......#.....##
###....#......##
##...#.......#
#......##...#
#...†.## .#


You could see a shock serpent.

Vanquished Creatures
  An Ice Fiend (IceCv)
  A nagaraja (Snake:3)
  An orc warlord (Orc:2)
  Nessos (Lair:6)
  A minotaur (Gauntlet)
  A great orb of eyes (Gauntlet)
  6 hydras
  3 catoblepae (Lair:6)
  7 naga warriors
  9 anacondas
  2 two-headed ogres
  9 death yaks
  The ghost of highc0 the Spear-Bearer, a journeyman TeSu of Ashenzari (Lair:1)
  3 orc high priests (Orc:2)
  Sonja (Orc:2)
  10 naga sharpshooters
  2 shock serpents (Snake:2)
  A soul eater (Gauntlet)
  A sixfirhy (D:10)
  An unseen horror (D:10)
  4 naga ritualists
  A lindwurm (Lair:3)
  Pikel (D:6)
  An orc knight (Orc:2)
  2 ugly things
  9 mana vipers
  2 manticores (Lair:6)
  2 orc sorcerers (Orc:2)
  3 salamanders
  2 large abominations (Gauntlet)
  5 ice statues (IceCv)
  18 elephants
  2 guardian serpents
  Joseph (D:8)
  15 black mambas
  Maggie (D:8)
  5 naga magi
  11 cane toads
  5 rime drakes
  10 ice devils (IceCv)
  An efreet (Gauntlet)
  3 anaconda simulacra (IceCv)
  9 komodo dragons
  Grinder (D:6)
  4 trolls
  A golden dragon simulacrum (IceCv)
  2 polar bears
  12 blink frogs
  2 hornets (Gauntlet)
  Prince Ribbit (D:5)
  2 slime creatures (D:7)
  A snapping turtle (Lair:3)
  9 dream sheep
  2 dire elephant simulacra (IceCv)
  3 small abominations (Gauntlet)
  28 yaks
  Grum (D:10)
  6 wyverns
  3 fire elementals (Gauntlet)
  A wraith (D:11)
  2 basilisks (Lair:4)
  Menkaure (D:6)
  A harpy simulacrum (IceCv)
  A soldier ant (D:11)
  4 wargs
  32 nagas
  Edmund (D:6)
  2 hydra simulacra (IceCv)
  17 water moccasins
  3 hell hounds (Gauntlet)
  Duvessa (D:6)
  37 orc warriors
  4 ice beasts
  A black bear (D:7)
  An ettin simulacrum (IceCv)
  3 sky beasts
  13 ogres
  16 wolves
  6 centaurs
  2 lemures (D:6)
  2 phantoms
  4 kobold brigands
  Blork the orc (D:3)
  16 bullfrogs
  Dowan (D:6)
  11 scorpions
  13 killer bees
  5 wights (D:6)
  3 howler monkeys
  3 electric eels
  8 crimson imps (D:11)
  A gnoll shaman (D:5)
  2 centaur zombies
  7 hounds
  3 jellies
  10 orc priests
  A bullfrog zombie (D:10)
  7 centaur skeletons
  26 orc wizards
  3 iguanas
  8 hell rats (Lair:2)
  9 worker ants
  2 hound zombies (D:6)
  A hound skeleton (D:6)
  8 mummies (Ossuary)
  3 worker ant zombies
  11 gnolls
  14 river rats
  19 adders
  4 shadow imps
  2 white imps
  3 ufetubi
  An ooze (D:1)
  2 adder skeletons
  5 worms
  2 dart slugs
  3 leopard geckos
  89 orcs
  A ball python (D:1)
  5 giant cockroaches
  2 gnoll zombies (Ossuary)
  4 goblins
  4 hobgoblins
  12 jackals
  10 quokkas
  14 bats
  5 frilled lizards
  A hobgoblin zombie (Ossuary)
  A jackal skeleton (D:4)
  A jackal zombie (D:9)
  26 kobolds
  3 kobold zombies (Ossuary)
  A leopard gecko skeleton (D:8)
  2 orc zombies (Ossuary)
  24 rats
831 creatures vanquished.

Vanquished Creatures (collateral kills)
  An orc warlord (Orc:2)
  An orc sorcerer (Orc:2)
  2 orc warriors (Orc:2)
  3 orcs (Orc:2)
7 creatures vanquished.

Vanquished Creatures (others)
  A sky beast (D:6)
  An orc wizard (Orc:2)
  32 fungi
  49 plants
83 creatures vanquished.

Grand Total: 921 creatures vanquished

Notes
Turn   | Place    | Note
-------+----------+-------------------------------------------
     0 | D:1      | EldarEldrad the Minotaur Berserker began the quest for the
                  | Orb.
     0 | D:1      | Reached XP level 1. HP: 19/19 MP: 0/0
   222 | D:1      | Reached skill level 4 in Axes
   398 | D:1      | Reached XP level 2. HP: 20/26 MP: 1/1
   751 | D:1      | Reached skill level 5 in Axes
   846 | D:1      | Reached XP level 3. HP: 31/31 MP: 2/2
  1151 | D:2      | Found a faded altar of an unknown god.
  1536 | D:2      | You fall into a shaft and drop 1 floor!
  1536 | D:3      | Found a shimmering blue altar of Sif Muna.
  1536 | D:3      | Noticed Blork the orc
  1573 | D:3      | Reached skill level 1 in Shields
  1667 | D:3      | Reached ** piety under Trog
  1672 | D:3      | Reached XP level 4. HP: 27/39 MP: 3/3
  1877 | D:3      | Noticed a centaur
  1887 | D:3      | Killed a centaur
  1888 | D:3      | Reached XP level 5. HP: 16/45 MP: 4/4
  1995 | D:3      | Reached skill level 6 in Axes
  2063 | D:3      | Found a glowing drain.
  2067 | Sewer    | Entered a sewer
  2228 | Sewer    | Reached skill level 5 in Shields
  2228 | Sewer    | Reached XP level 6. HP: 50/51 MP: 5/5
  2287 | Sewer    | Found a glowing silver altar of Zin.
  2821 | D:3      | Killed Blork the orc
  2822 | D:3      | Reached skill level 7 in Axes
  3047 | D:4      | Reached skill level 8 in Axes
  3189 | D:4      | Reached XP level 7. HP: 57/57 MP: 6/6
  3231 | D:4      | Found a sand-covered staircase.
  3239 | Ossuary  | Entered an ossuary
  3256 | Ossuary  | Reached *** piety under Trog
  3570 | Ossuary  | Reached skill level 9 in Axes
  4600 | D:4      | Reached skill level 10 in Axes
  4781 | D:4      | Reached XP level 8. HP: 64/64 MP: 7/7
  4937 | D:4      | Found a hazy altar of Hepliaklqana.
  5270 | D:5      | Entered Level 5 of the Dungeon
  5302 | D:5      | Reached skill level 11 in Axes
  5640 | D:5      | Reached **** piety under Trog
  5655 | D:5      | Found a shimmering altar of Xom.
  5850 | D:5      | Reached skill level 12 in Axes
  6298 | D:6      | Noticed Prince Ribbit
  6335 | D:5      | Killed Prince Ribbit
  6528 | D:6      | Reached skill level 13 in Axes
  6533 | D:6      | Reached XP level 9. HP: 67/70 MP: 8/8
  6589 | D:6      | Noticed Grinder
  6673 | D:6      | Killed Grinder
  6749 | D:6      | Noticed Pikel
  6757 | D:6      | Killed Pikel
  6758 | D:6      | Reached skill level 14 in Axes
  6758 | D:6      | Reached skill level 5 in Fighting
  6812 | D:6      | Found an iron altar of Okawaru.
  6817 | D:6      | Found Ihelon's Distillery.
  6825 | D:6      | Bought a potion of lignification for 36 gold pieces
  6825 | D:6      | Bought a potion of heal wounds for 60 gold pieces
  6825 | D:6      | Bought a potion of berserk rage for 60 gold pieces
  6825 | D:6      | Bought a potion of curing for 36 gold pieces
  6825 | D:6      | Bought 2 potions of curing for 72 gold pieces
  6825 | D:6      | Bought a potion of attraction for 36 gold pieces
  6825 | D:6      | Bought a potion of flight for 36 gold pieces
  6899 | D:6      | Noticed Menkaure
  6904 | D:6      | Killed Menkaure
  6920 | D:6      | Noticed Duvessa
  6920 | D:6      | Noticed Dowan
  6925 | D:6      | Killed Dowan
  6926 | D:6      | Reached skill level 5 in Armour
  6937 | D:6      | Killed Duvessa
  6972 | D:6      | Reached XP level 10. HP: 37/81 MP: 9/9
  7556 | D:6      | Noticed Edmund
  7563 | D:6      | Killed Edmund
  7632 | D:7      | Found Taibicol's Jewellery Shop.
  7774 | D:7      | Found a staircase to the Ecumenical Temple.
  7791 | D:7      | Found a stormy altar of Qazlal.
  7951 | D:7      | You fall into a shaft and drop 1 floor!
  8070 | D:7      | HP: 2/121 [large slime creature (26)]
  8073 | D:7      | Reached skill level 10 in Armour
  8673 | D:7      | Identified the Handbook of Twisted Changing
  8829 | D:7      | Bought an uncursed ring of poison resistance for 300 gold
                  | pieces
  9542 | D:8      | Noticed Maggie
  9562 | D:8      | Killed Maggie
  9609 | D:8      | Noticed Joseph
  9621 | D:8      | Killed Joseph
  9893 | D:8      | Reached skill level 1 in Evocations
 10344 | Temple   | Entered the Ecumenical Temple
 10785 | D:9      | Found a staircase to the Lair.
 10987 | D:9      | Found a staircase to the Orcish Mines.
 11048 | D:9      | Found a hide-covered altar of Uskayaw.
 11048 | D:9      | Found an opulent altar of Gozag.
 11320 | D:9      | Reached XP level 11. HP: 49/86 MP: 10/10
 11502 | D:9      | Found a white marble altar of Elyvilon.
 11732 | D:9      | Noticed a purple ugly thing
 11750 | D:9      | Killed a purple ugly thing
 11754 | D:9      | Reached ***** piety under Trog
 11867 | D:9      | Found the +7 Singing Sword {vorpal, sonic wave}
 12000 | Lair:1   | Entered Level 1 of the Lair of Beasts
 12110 | Lair:1   | Reached skill level 5 in Evocations
 12232 | Lair:1   | Found a runed translucent gate.
 12232 | Lair:1   | Found a runed translucent gate.
 12232 | Lair:1   | Found a runed translucent gate.
 12236 | Lair:1   | Noticed highc0's ghost (journeyman TeSu)
 12561 | Lair:1   | Noticed a six-headed hydra
 12581 | Lair:1   | Killed a six-headed hydra
 12582 | Lair:1   | Reached skill level 5 in Dodging
 13105 | Lair:1   | Killed highc0's ghost
 13280 | Lair:2   | Noticed a six-headed hydra
 13294 | Lair:2   | Killed a six-headed hydra
 13523 | Lair:2   | Noticed an eight-headed hydra
 13550 | Lair:2   | Killed an eight-headed hydra
 13566 | Lair:2   | Found a runed translucent gate.
 13566 | Lair:2   | Found a runed translucent gate.
 13566 | Lair:2   | Found a runed translucent gate.
 13568 | Lair:2   | Noticed an 11-headed hydra
 13568 | Lair:2   | Noticed Cycufuin's ghost (journeyman GrFE)
 13569 | Lair:2   | Noticed a 13-headed hydra
 13586 | Lair:2   | Noticed an eight-headed hydra
 13595 | Lair:2   | Killed an eight-headed hydra
 14175 | Lair:2   | You fall into a shaft and drop 1 floor!
 14244 | Lair:3   | Noticed a lindwurm
 14267 | Lair:3   | Reached XP level 12. HP: 96/100 MP: 11/11
 14281 | Lair:3   | Reached skill level 10 in Dodging
 15185 | Lair:2   | Found a staircase to the Snake Pit.
 15515 | Lair:2   | Noticed a four-headed hydra
 15536 | Lair:2   | Killed a four-headed hydra
 16664 | Lair:3   | Noticed a death yak
 16664 | Lair:3   | Noticed a death yak
 16664 | Lair:3   | Noticed a death yak
 16680 | Lair:3   | Killed a death yak
 16681 | Lair:3   | Killed a death yak
 16684 | Lair:3   | Killed a death yak
 17055 | Lair:3   | Found a staircase to the Shoals.
 17340 | Lair:4   | Noticed a four-headed hydra
 17356 | Lair:4   | Killed a four-headed hydra
 17357 | Lair:4   | Reached skill level 15 in Axes
 17664 | Lair:4   | Reached XP level 13. HP: 79/107 MP: 12/12
 19064 | Lair:4   | Reached skill level 16 in Axes
 19139 | Lair:5   | Received a gift from Trog
 20213 | Lair:6   | Entered Level 6 of the Lair of Beasts
 20274 | Lair:6   | Reached skill level 10 in Shields
 20347 | Lair:6   | Reached skill level 10 in Fighting
 20379 | Lair:6   | Found a gate leading to a gauntlet.
 20416 | Gauntlet | Entered a Gauntlet
 20416 | Gauntlet | Found a transporter.
 20584 | Gauntlet | Found a transporter.
 20585 | Gauntlet | Found a transporter.
 20585 | Gauntlet | Found a transporter.
 20593 | Gauntlet | Found a transporter.
 20596 | Gauntlet | Found a transporter.
 20597 | Gauntlet | Found a transporter.
 20607 | Gauntlet | Found a transporter.
 20609 | Gauntlet | Found a transporter.
 20610 | Gauntlet | Found a transporter.
 20612 | Gauntlet | Noticed a minotaur
 20618 | Gauntlet | Found a transporter.
 20621 | Gauntlet | Found a transporter.
 20622 | Gauntlet | Found a transporter.
 20630 | Gauntlet | Found a transporter.
 20691 | Gauntlet | Found a runed translucent door.
 20851 | Gauntlet | Got a scintillating ivory ring
 21207 | Gauntlet | Paralysed by a hornet for 2 turns
 21245 | Gauntlet | Identified the ring "Ipeink" {rF+ rC- rN+ Int+9 Slay+5
                  | Stlth-} (You found it in a Gauntlet)
 21312 | Gauntlet | Got a sparkling lead ring
 21321 | Gauntlet | Identified the ring "Hieczied" {Fire Will+++ Int+4 Dex+4}
                  | (You found it in a Gauntlet)
 21385 | Gauntlet | Killed a minotaur
 21560 | Lair:6   | Noticed Nessos
 22806 | Lair:6   | Killed Nessos
 22807 | Lair:6   | Reached XP level 14. HP: 112/121 MP: 13/13
 23215 | Lair:6   | Found a sparkling altar of Nemelex Xobeh.
 23288 | Lair:6   | Found a staircase to the Slime Pits.
 23862 | Lair:5   | Reached skill level 15 in Armour
 25246 | D:10     | Entered Level 10 of the Dungeon
 25255 | D:10     | Upgraded the game from 0.27-a0-277-g024f7ef292 to
                  | 0.27-a0-286-g37e0bc138e
 25351 | D:10     | Found an opulent altar of Gozag.
 25671 | D:10     | Noticed Grum
 25683 | D:10     | Killed Grum
 25777 | D:10     | Found a runed translucent door.
 25813 | D:10     | Reached ****** piety under Trog
 26971 | Orc:1    | Entered Level 1 of the Orcish Mines
 27062 | Orc:2    | Entered Level 2 of the Orcish Mines
 27174 | Orc:2    | Found a roughly hewn altar of Beogh.
 27378 | Orc:2    | Found a roughly hewn altar of Beogh.
 27502 | Orc:2    | Received a gift from Trog
 27508 | Orc:2    | Found a roughly hewn altar of Beogh.
 27702 | Orc:2    | Found a roughly hewn altar of Beogh.
 27856 | Orc:2    | Found a staircase to the Elven Halls.
 27965 | Orc:2    | Noticed Sonja
 27973 | Orc:2    | Killed Sonja
 28000 | Orc:2    | Noticed an orc warlord
 28030 | Orc:2    | Killed an orc warlord
 28244 | Orc:2    | Found Cest's Jewellery Shoppe.
 28249 | Orc:2    | Bought a cursed ring of teleportation for 45 gold pieces
 28381 | Orc:2    | Noticed an orc warlord
 28469 | Orc:2    | Killed an orc warlord
 28593 | Orc:2    | Received a gift from Trog
 28679 | Orc:2    | Found Xouxzoxo's Antique Armour Shop.
 28680 | Orc:2    | Found a roughly hewn altar of Beogh.
 28681 | Orc:2    | Found Ceets's Antique Weapon Boutique.
 28694 | Orc:2    | Bought a pair of embroidered boots for 247 gold pieces
 28815 | Orc:2    | Found a roughly hewn altar of Beogh.
 28836 | Orc:2    | Found Ceixerie's Assorted Antiques.
 28848 | Orc:2    | Bought a scroll of identify for 68 gold pieces
 28848 | Orc:2    | Bought a potion of cancellation for 272 gold pieces
 28848 | Orc:2    | Bought a scroll of enchant armour for 255 gold pieces
 28848 | Orc:2    | Bought a scroll of fear for 119 gold pieces
 28848 | Orc:2    | Bought a scroll of teleportation for 102 gold pieces
 28848 | Orc:2    | Bought a scroll labelled ZAAK SUR JIEPP for 34 gold pieces
 29395 | Snake:1  | Entered Level 1 of the Snake Pit
 29405 | Snake:1  | Reached XP level 15. HP: 128/132 MP: 14/14
 30307 | Snake:2  | Found a frozen archway.
 30315 | IceCv    | Entered an ice cave
 30434 | IceCv    | Reached skill level 17 in Axes
 31470 | IceCv    | Noticed an Ice Fiend
 31503 | IceCv    | Killed an Ice Fiend
 32756 | Snake:2  | Reached skill level 15 in Shields
 32816 | Snake:2  | Received a gift from Trog
 33183 | Snake:2  | Reached skill level 18 in Axes
 34347 | Snake:3  | Noticed a nagaraja
 34365 | Snake:3  | Killed a nagaraja
 35036 | Snake:3  | Reached skill level 19 in Axes
 35036 | Snake:3  | Reached XP level 16. HP: 134/139 MP: 4/15
 35667 | Snake:4  | Entered Level 4 of the Snake Pit
 35795 | Snake:4  | HP: 2/139 [shock serpent/bolt of electricity (22)]
 35796 | Snake:4  | Killed from afar by a shock serpent

Illustrated notes

Levels and vault maps discovered:
D:1:      dpeg_arrival_long_road, layout_loops_ring
D:2:      layout_basic, chequers_ecumenical_altar_grove
D:3:      layout_basic, tgw_sif, lightli_sewer_entry_pipes,
          kennysheep_decorative_pillar
D:4:      minmay_chambers_of_fours, layout_basic, nzn_hepliaklqana_mist_gate,
          lightli_ossuary_entry_decrepit_ruins, nzn_random_ring,
          uniq_blork_the_orc
D:5:      layout_loops_cross, basic_altar
D:6:      layout_basic, kennysheep_little_box, serial_shops, shop,
          uniq_menkaure, uniq_duvessa, uniq_grinder, uniq_prince_ribbit1,
          uniq_pikel, uniq_edmund
D:7:      layout_cave_pools, nicolae_qazlal_general_emergency,
          minmay_temple_entry_gardened_gates, serial_shops,
          nicolae_shop_crystal, minmay_misc_feat_square, grunt_ministairs_6
D:8:      cheibrodos_helix_gallery, layout_layer_cave, uniq_maggie, uniq_joseph
D:9:      old_forge, layout_loops_ring, lemuel_round_altar,
          gammafunk_temple_overflow_pools, dpeg_oklobed_lair,
          grunt_ministairs_13, serial_bayou_pond_e
D:10:     cheibrodos_shockbox, layout_stronghold, basic_altar, uniq_grum
D:11:     layout_cross, minmay_nine_imps
Temple:   regret_index_temple_generic_petals
Lair:1:   layout_concentric_octagons, ebering_ghost_rock_garden,
          patterned_corridor
Lair:2:   lemuel_ratsnest, layout_hall_layers,
          minmay_snake_entry_guardpost_small, gammafunk_ghost_hydra_chop, pond,
          grunt_megastairs_2, lemuel_fruit_tree, serial_bayou_shore_b
Lair:3:   layout_chaotic_city, minmay_shoals_entry_hut
Lair:4:   layout_cave_pods, grunt_megastairs_4
Lair:5:   layout_misc_corridors, grunt_forest_small_clearing_treed,
          serial_bayou_shore_a
Lair:6:   evilmike_catoblepas_cave, layout_gridlike,
          minmay_slime_entry_oklob_enclosed, gauntlet_entry_generic,
          basic_altar, uniq_nessos
Snake:1:  layout_misc_corridors
Snake:2:  layout_onion_interference, portal_ice_cave_entry_pillars_three
Snake:3:  layout_chambers
Snake:4:  grunt_snake_rune_pools, layout_cave_shapes, serial_shops, shop, shop,
          shop, shop, hangedman_snake_corridor_cut, minmay_shop_grove,
          uniq_vashnia, uniq_aizul
Orc:1:    layout_diamond_mine
Orc:2:    grunt_orc_community_town_hall, layout_diamond_mine,
          grunt_orc_community_big_house_2, grunt_orc_community_big_house_2,
          grunt_orc_community_house_3, grunt_orc_community_house_2,
          grunt_orc_community_house_2, grunt_orc_community_house_3,
          mines1_david, uniq_sonja

Skill      XL: |  1  2  3  4  5  6  7  8  9 10 11 12 13 14 15 |
---------------+----------------------------------------------+-----
Axes           | 4 5 6 8 10 13 14 15 16 19 | 19.4
Shields        | 2 3 5 7 10 12 15 | 15.0
Fighting       | 5 7 8 10 12 | 12.0
Armour         | 8 12 14 15 | 15.0
Evocations     | 3 5 |  5.0
Dodging        | 9 12 | 12.0

Action                   |  1- 3 |  4- 6 |  7- 9 | 10-12 | 13-15 | 16-18 || total
-------------------------+-------+-------+-------+-------+-------+-------++-------
Melee: Hand axe          |    97 |   127 |   280 |       |       |       ||   504
       Headbutt          |    11 |    28 |    73 |   193 |   446 |    17 ||   768
       War axe           |       |       |    54 |   745 |  1570 |    65 ||  2434
       Flail             |       |       |       |    61 |       |       ||    61
Throw: Stone             |    30 |    16 |    10 |     5 |       |       ||    61
       Dart              |       |     8 |       |       |       |       ||     8
Invok: Berserk           |     1 |     2 |     4 |     8 |    11 |       ||    26
       Trog's Hand       |       |     4 |     4 |     3 |    13 |       ||    24
       Brothers in Arms  |       |       |       |     1 |     3 |       ||     4
 Abil: Stop Flying       |       |       |       |       |     1 |       ||     1
Evoke: Lightning rod     |       |       |       |     7 |     5 |       ||    12
       Wand              |       |       |       |     1 |    12 |     1 ||    14
  Use: Scroll            |       |       |     6 |     9 |    14 |       ||    29
       Potion            |       |       |       |       |     1 |     1 ||     2
 Stab: Sleeping          |       |     1 |       |       |       |       ||     1
       Held in net/web   |       |       |       |     1 |       |       ||     1
       Paralysed         |       |       |       |       |     2 |       ||     2
       Distracted        |       |       |       |       |     1 |       ||     1
Armor: Animal skin       |    14 |       |       |       |       |       ||    14
       Leather armour    |     5 |    11 |       |       |       |       ||    16
       Scale mail        |       |    16 |    58 |     8 |       |       ||    82
       Chain mail        |       |       |       |    68 |       |       ||    68
       Plate armour      |       |       |       |   211 |   419 |    17 ||   647
Dodge: Dodged            |    50 |    51 |    87 |   286 |   473 |    22 ||   969
       Repelled          |       |       |       |     3 |     6 |       ||     9
Block: Buckler           |     6 |    26 |    56 |   143 |    63 |       ||   294
       Kite shield       |       |       |       |       |   593 |    41 ||   634

Table legend: (Time is in decaauts)
 A = Elapsed time spent in this place.
 B = Non-inter-level travel time spent in this place.
 C = Inter-level travel time spent in this place.
 D = Time resting spent in this place.
 E = Time spent auto-exploring this place.
 F = Levels seen in this place.
 G = Mean time per level.
                   A        B        C        D        E       F      G
               +--------+--------+--------+--------+--------+-----+--------+
         Total |  35485 |  33962 |   1523 |   7800 |  19073 |  28 | 1267.3 |
       Dungeon |  12834 |  12040 |    794 |   1831 |   7619 |  11 | 1166.7 |
        Temple |    245 |    222 |     23 |      0 |    221 |   1 |  245.0 |
          Lair |  12082 |  11609 |    473 |   3758 |   5989 |   6 | 2013.7 |
     Snake Pit |   4744 |   4616 |    128 |    161 |   3570 |   4 | 1186.0 |
  Orcish Mines |   2132 |   2028 |    104 |    167 |   1134 |   2 | 1066.0 |
         Sewer |    304 |    304 |      0 |     94 |    121 |   1 |  304.0 |
       Ossuary |    515 |    515 |      0 |    130 |    192 |   1 |  515.0 |
      Ice Cave |   1513 |   1513 |      0 |   1041 |      3 |   1 | 1513.0 |
      Gauntlet |   1112 |   1112 |      0 |    617 |    224 |   1 | 1112.0 |
               +--------+--------+--------+--------+--------+-----+--------+

Top non-repeatable levels by time:
  Lair:5: 2886 daAuts
 Snake:2: 2247 daAuts
  Lair:2: 2148 daAuts
  Lair:6: 1916 daAuts
   Orc:2: 1817 daAuts
  Lair:4: 1814 daAuts
  Lair:3: 1741 daAuts
     D:4: 1619 daAuts
  Lair:1: 1575 daAuts
     D:8: 1543 daAuts
 Snake:3: 1538 daAuts
   IceCv: 1513 daAuts
     D:9: 1432 daAuts
     D:7: 1236 daAuts
     D:5: 1225 daAuts
